[Event "Titled Tuesday Blitz November 07 Early 2023"]
[White "Shuvalov, Evgenij"]
[Black "Samunenkov, Ihor"]
[WhiteFideId "4187237"]
[BlackFideId "14187086"]
[WhiteElo "2462"]
[BlackElo "2768"]
[Result "1-0"]
[Round "6"]
[TimeControl "180+1"]
[Date "2023.11.07"]
[WhiteClock "0:00:05"]
[BlackClock "0:00:00"]
[Board "52"]

1. d4 d5 2. c4 e6 3. Nf3 Nf6 4. Nc3 a6 5. c5 b6 6. cxb6 c5 7. dxc5 Bxc5 8. Na4 Bb4+ 9. Bd2 Bxd2+ 10. Qxd2 O-O 11. e3 Nbd7 12. Qa5 Rb8 13. Nd4 Bb7 14. Rc1 Ne4 15. Bd3 Nd6 16. O-O Ne5 17. Rfd1 Nxd3 18. Rxd3 Nc4 19. Qb4 a5 20. Qb5 Ra8 21. Nc6 Qe8 22. Na7 Qxb5 23. Nxb5 Bc6 24. Nbc3 Rab8 25. b3 Nxb6 26. Nxb6 Rxb6 27. Ne2 Bb5 28. Rd2 a4 29. bxa4 Bxa4 30. f4 g6 31. Nd4 Rfb8 32. Kf2 Rb2 33. Rxb2 Rxb2+ 34. Kf3 Rxa2 35. Rc8+ Kg7 36. g4 Bd1+ 37. Kg3 Ra3 38. Kf2 Bxg4 39. Rc7 h5 40. h4 Ra2+ 41. Kg3 Bf5 42. Nf3 Ra3 43. Kf2 Ra2+ 44. Kg3 Rc2 45. Ra7 Rc3 46. Kf2 Rc8 47. Ne5 Rf8 48. Nd7 Rd8 49. Ne5 Rf8 50. Nd7 Be4 51. Nxf8 Kxf8 52. Ke2 Kg7 53. Kd2 Kf6 54. Kc3 Bf5 55. Kd4 Bg4 56. Rc7 Kg7 57. Ke5 Bf5 58. Ra7 Bg4 59. Kd6 Kf8 60. Ra8+ Kg7 61. Ke7 Bf5 62. Ra7 Bg4 63. Ke8 Bf5 64. Rxf7+ Kg8 65. Ra7 Bg4 66. Ke7 Kg7 67. Kd6+ Kf6 68. Ra8 Bf5 69. Rf8+ Kg7 70. Ke7 Bg4 71. Rd8 Bf5 72. Rd6 Bg4 73. Rxe6 1-0


[Site "https://www.chess.com"]

[Event "Titled Tuesday Blitz November 07 Early 2023"]
[White "Csonka, Balazs"]
[Black "Samarth J Rao"]
[WhiteFideId "742910"]
[BlackFideId "46652370"]
[WhiteElo "2767"]
[BlackElo "2083"]
[Result "1-0"]
[Round "6"]
[TimeControl "180+1"]
[Date "2023.11.07"]
[WhiteClock "0:01:18"]
[BlackClock "0:00:00"]
[Board "53"]

1. Nf3 Nf6 2. c4 e6 3. Nc3 d5 4. e3 c6 5. Qc2 Nbd7 6. b3 e5 7. cxd5 Nxd5 8. Bb2 Bd6 9. Ne4 Bc7 10. Ng3 N7f6 11. Bxe5 Bg4 12. Bxc7 Qxc7 13. Be2 h5 14. h3 Be6 15. Nf5 g6 16. Ng7+ Kf8 17. Nxe6+ fxe6 18. O-O Kg7 19. Ng5 Qe7 20. a3 e5 21. Bd3 Rh6 22. b4 e4 23. Nxe4 Nxe4 24. Bxe4 1-0


[Site "https://www.chess.com"]

[Event "Titled Tuesday Blitz November 07 Early 2023"]
[White "Tsotsonava, Elene"]
[Black "Elsa167"]
[WhiteFideId "13615939"]
[WhiteElo "2414"]
[BlackElo "2976"]
[Result "0-1"]
[Round "6"]
[TimeControl "180+1"]
[Date "2023.11.07"]
[WhiteClock "0:00:00"]
[BlackClock "0:00:03"]
[Board "54"]

1. e4 c5 2. Nf3 e6 3. d4 cxd4 4. Nxd4 Nf6 5. Nc3 Nc6 6. Ndb5 Bc5 7. Nd6+ Ke7 8. Bf4 e5 9. Nf5+ Kf8 10. Bg5 d6 11. Bc4 h6 12. Be3 Bb4 13. O-O Bxc3 14. bxc3 Bxf5 15. exf5 d5 16. Bb3 Qd7 17. Qf3 Ne7 18. Bc5 Rc8 19. Bxe7+ Kxe7 20. Rad1 e4 21. Qe3 b5 22. f3 Qc7 23. Bxd5 Qxc3 24. Qxa7+ Rc7 25. Qb6 e3 26. Bb3 Qc5 27. Qxc5+ Rxc5 28. Rfe1 Rhc8 29. Rxe3+ Kf8 30. g4 Rc3 31. Rxc3 Rxc3 32. Rd3 Rc7 33. Kf2 Nd7 34. Rd5 b4 35. Rd4 Rb7 36. h4 Ne5 37. Ke3 f6 38. Kf2 Ke7 39. Kg3 Nc6 40. Re4+ Kd6 41. f4 Kc5 42. g5 Nd4 43. Kf2 Nxf5 44. h5 Nd4 45. gxf6 gxf6 46. Ke3 Nf5+ 47. Kf3 Nd4+ 48. Ke3 Rd7 49. Re8 Nf5+ 50. Kf3 Nd4+ 51. Kf2 Rg7 52. Rh8 Rg4 53. Rxh6 Rxf4+ 54. Kg3 Rf3+ 55. Kg2 Rf5 56. Rh8 Rg5+ 57. Kf2 Nf5 58. Bf7 Nd6 0-1


[Site "https://www.chess.com"]

[Event "Titled Tuesday Blitz November 07 Early 2023"]
[White "Kvaloy, Aksel Bu"]
[Black "Shimanov, Aleksandr"]
[WhiteFideId "1528815"]
[BlackFideId "4198603"]
[WhiteElo "2618"]
[BlackElo "2953"]
[Result "1-0"]
[Round "6"]
[TimeControl "180+1"]
[Date "2023.11.07"]
[WhiteClock "0:00:36"]
[BlackClock "0:00:00"]
[Board "55"]

1. d4 Nf6 2. Nf3 g6 3. Bg5 Bg7 4. Nbd2 d6 5. e4 h6 6. Bh4 g5 7. Bg3 Nh5 8. c3 e6 9. Nc4 Nd7 10. Ne3 Qe7 11. Nd2 Nxg3 12. hxg3 b6 13. a4 a6 14. Be2 Bb7 15. Qc2 c5 16. d5 Nf6 17. Bc4 Bc8 18. Qb3 Rb8 19. O-O h5 20. f4 gxf4 21. gxf4 Ng4 22. Rae1 e5 23. Nf5 Bxf5 24. exf5 O-O 25. Nf3 e4 26. Ng5 e3 27. Bxa6 Bh6 28. Be2 Bxg5 29. fxg5 Qxg5 30. Bxg4 hxg4 31. Qc4 Rbe8 32. Rf4 Qd8 33. Rxg4+ Kh8 34. Qf4 1-0


[Site "https://www.chess.com"]

[Event "Titled Tuesday Blitz November 07 Early 2023"]
[White "Galchenko, Matvey"]
[Black "aghasiyevkamal"]
[WhiteFideId "24175480"]
[WhiteElo "2937"]
[BlackElo "2616"]
[Result "1-0"]
[Round "6"]
[TimeControl "180+1"]
[Date "2023.11.07"]
[WhiteClock "0:00:12"]
[BlackClock "0:00:00"]
[Board "56"]

1. f4 e5 2. fxe5 d6 3. Nf3 Nc6 4. e4 Nxe5 5. d4 Nxf3+ 6. Qxf3 Nf6 7. Nc3 Be7 8. Bd3 O-O 9. O-O c5 10. d5 Ng4 11. Bf4 Bf6 12. Rab1 a6 13. a4 Ne5 14. Qg3 b6 15. Nd1 Re8 16. Be2 Bh4 17. Qe3 f5 18. Nc3 fxe4 19. Bh5 Re7 20. Bg5 Bxg5 21. Qxg5 h6 22. Qh4 Bb7 23. Rbe1 Qd7 24. Rxe4 b5 25. axb5 axb5 26. Bg4 Qe8 27. Be6+ Rxe6 28. dxe6 Bxe4 29. Qxe4 Rb8 30. Qf5 Qc6 31. e7 Re8 32. Qe6+ Kh7 33. Nd5 c4 34. Rf8 Qc5+ 35. Kh1 Qd4 36. h3 Qd1+ 37. Kh2 1-0


[Site "https://www.chess.com"]

[Event "Titled Tuesday Blitz November 07 Early 2023"]
[White "Ashraf, Artin"]
[Black "Tregubov, Pavel V."]
[WhiteFideId "22514805"]
[BlackFideId "4115341"]
[WhiteElo "2878"]
[BlackElo "2614"]
[Result "1-0"]
[Round "6"]
[TimeControl "180+1"]
[Date "2023.11.07"]
[WhiteClock "0:00:08"]
[BlackClock "0:00:00"]
[Board "57"]

1. d4 Nf6 2. c4 e6 3. Nc3 Bb4 4. Bd2 b6 5. e3 Bb7 6. Nge2 O-O 7. a3 Be7 8. Ng3 d5 9. cxd5 exd5 10. Nf5 c5 11. Nxe7+ Qxe7 12. Be2 Nc6 13. dxc5 bxc5 14. O-O Rfd8 15. Re1 Rac8 16. b4 c4 17. Bf3 Ne5 18. Ne2 Nxf3+ 19. gxf3 Qe5 20. Nd4 c3 21. Bc1 Rd6 22. Kh1 Nd7 23. f4 Qe4+ 24. f3 Qe8 25. Ra2 Nb6 26. Qd3 Na4 27. Rg2 g6 28. Reg1 Rb6 29. Qd1 Ba6 30. Qe1 Bc4 31. f5 Qe5 32. Qh4 Nb2 33. Bxb2 cxb2 34. Rxb2 Qxe3 35. Rbg2 Bd3 36. Re1 Rc1 37. Rgg1 Rxe1 38. Rxe1 g5 39. Rxe3 1-0


[Site "https://www.chess.com"]

[Event "Titled Tuesday Blitz November 07 Early 2023"]
[White "mind1mover"]
[Black "Sharapov, Evgeny"]
[BlackFideId "14103133"]
[WhiteElo "2820"]
[BlackElo "2610"]
[Result "1-0"]
[Round "6"]
[TimeControl "180+1"]
[Date "2023.11.07"]
[WhiteClock "0:00:06"]
[BlackClock "0:00:07"]
[Board "58"]

1. Nf3 c5 2. b3 Nc6 3. Bb2 Nf6 4. e3 g6 5. Bb5 Bg7 6. Bxc6 dxc6 7. O-O O-O 8. d3 a5 9. a4 Nd5 10. Bxg7 Kxg7 11. e4 Nb4 12. Nbd2 f6 13. e5 f5 14. e6 Bxe6 15. Re1 Bg8 16. Ne5 Qd6 17. Ndc4 Bxc4 18. Nxc4 Qf6 19. Qe2 e5 20. Nxe5 Rae8 21. f4 Re7 22. Qf2 b6 23. Nc4 Rfe8 24. Rxe7+ Rxe7 25. Ne5 Nd5 26. Re1 h6 27. g3 g5 28. Kh1 gxf4 29. gxf4 Kh7 30. Qf3 Rg7 31. Rg1 Rxg1+ 32. Kxg1 Qh4 33. Qg3 Qxg3+ 34. hxg3 Ne7 35. Kf2 Kg7 36. Kf3 h5 37. Kg2 Kh6 38. Kh3 Kg7 39. Kh2 Kh6 40. Kg2 Kg7 41. Kh3 Kh6 42. Nc4 Nd5 43. Kh4 Nb4 44. Nxb6 Nxc2 45. Nc4 Nb4 46. Nxa5 Nxd3 47. Nc4 Nb4 48. a5 Na6 49. Ne5 Nb4 50. Nd7 Na6 51. Nb6 Kg6 52. Nc4 Kh6 53. Ne5 Nb4 54. Kh3 Kg7 55. Kg2 Kf6 56. Kh2 Ke6 57. Kh3 Kd5 58. Kh4 Kd4 59. Kxh5 Kc3 60. Kg5 Kxb3 61. Kxf5 c4 62. Nxc4 Kxc4 63. g4 c5 64. g5 Nd5 65. a6 Kb5 66. a7 Nb6 67. g6 c4 68. g7 c3 69. g8=Q c2 70. Qb3+ 1-0


[Site "https://www.chess.com"]

[Event "Titled Tuesday Blitz November 07 Early 2023"]
[White "Bacrot, Etienne"]
[Black "Bodnaruk, Anastasia"]
[WhiteFideId "605506"]
[BlackFideId "4181751"]
[WhiteElo "2816"]
[BlackElo "2609"]
[Result "1-0"]
[Round "6"]
[TimeControl "180+1"]
[Date "2023.11.07"]
[WhiteClock "0:00:12"]
[BlackClock "0:00:03"]
[Board "59"]

1. e4 c5 2. Nf3 d6 3. Bb5+ Bd7 4. c4 Nf6 5. Nc3 e5 6. d3 Be7 7. Bg5 Nc6 8. Bxf6 Bxf6 9. Nd5 a6 10. Ba4 O-O 11. h3 g6 12. h4 Bg4 13. Bxc6 bxc6 14. Ne3 Be6 15. h5 Rb8 16. Qe2 d5 17. O-O-O d4 18. Nf1 Qa5 19. Kb1 Rb7 20. Rd2 Rfb8 21. Rc2 Rb4 22. Qd2 Qb6 23. Ka1 a5 24. Ng3 Ra4 25. hxg6 fxg6 26. Ne2 Rb7 27. Nc1 Bg4 28. Nh2 Be6 29. Nf3 Rb4 30. a3 Ra4 31. Na2 Qb3 32. Qd1 Bg4 33. Rd2 Bxf3 34. gxf3 Bg5 35. Qxb3 Rxb3 36. Rdd1 Bf4 37. Rhg1 Kf7 38. Rge1 h5 39. Rh1 Rb8 40. Nc1 Kf6 41. Ka2 Rh8 42. Nb3 h4 43. Nxc5 Rxc4 44. dxc4 h3 45. Nd3 g5 46. c5 h2 47. Rdf1 Rh3 48. Rd1 Rh4 49. Kb3 Ke6 50. Kc4 Rh3 51. Rde1 Rh4 52. Rd1 Rh3 53. Rdf1 Rh4 54. Nxf4+ gxf4 55. Kd3 Rh3 56. Ke2 Kf6 57. Rd1 Rh8 58. b4 axb4 59. axb4 Ke6 60. Rb1 Rh3 61. Rb2 d3+ 62. Kxd3 Rxf3+ 63. Ke2 Rh3 64. f3 Rh4 65. Kf2 Rh7 66. b5 cxb5 67. Rxb5 Ra7 68. Rb6+ Kd7 69. Rxh2 Ra2+ 70. Kg1 Ra1+ 71. Kg2 Ra2+ 72. Kh3 Ra3 73. Kg4 1-0


[Site "https://www.chess.com"]

[Event "Titled Tuesday Blitz November 07 Early 2023"]
[White "Perdomo, Carlos Andres"]
[Black "Materia, Marco"]
[WhiteFideId "4400852"]
[BlackFideId "45150451"]
[WhiteElo "2604"]
[BlackElo "2806"]
[Result "1/2-1/2"]
[Round "6"]
[TimeControl "180+1"]
[Date "2023.11.07"]
[WhiteClock "0:00:10"]
[BlackClock "0:00:15"]
[Board "60"]

1. Nf3 d5 2. b3 Nf6 3. Bb2 Bg4 4. e3 Nbd7 5. Be2 e6 6. O-O Be7 7. c4 c6 8. d4 Ne4 9. Ne5 Bxe2 10. Qxe2 Nxe5 11. dxe5 O-O 12. f3 Nc5 13. Bd4 dxc4 14. Qxc4 Qd5 15. Nc3 Qxc4 16. bxc4 Rfd8 17. Rab1 b6 18. Rfd1 Nb7 19. Ne4 c5 20. Bc3 Kf8 21. Kf2 Ke8 22. Ke2 Rxd1 23. Kxd1 Rd8+ 24. Kc2 Rd7 25. a4 Kd8 26. a5 Kc7 27. axb6+ axb6 28. Ra1 Kb8 29. Ra6 Bd8 30. f4 h6 31. g4 Bc7 32. h4 Nd8 33. Ra1 Nc6 34. Rf1 Kc8 35. Rg1 Ne7 36. h5 Bb8 37. Ra1 Kb7 38. Nd6+ Bxd6 39. exd6 Nc8 40. Bxg7 f5 41. Bxh6 fxg4 42. Bg5 Nxd6 43. h6 Nxc4 44. Rg1 Nxe3+ 45. Kc3 Kc6 46. Rg3 Nd5+ 47. Kb2 b5 48. Rxg4 c4 49. Rh4 Rh7 50. Rh1 Kc5 51. Re1 Kd6 52. Kc2 Nb4+ 53. Kc3 Nd3 54. Re3 Kd5 55. Rh3 b4+ 56. Kc2 Nc5 57. Re3 Ne4 58. Re2 e5 59. Re1 exf4 60. Bxf4 Rf7 61. Rd1+ Kc5 62. Be3+ Kc6 63. Rd4 Nd6 64. Rg4 Kb5 65. Rg5+ Ka4 66. Rg6 Ne4 67. Ra6+ Kb5 68. Rb6+ Ka5 69. Re6 Ng3 70. Rg6 Nf5 71. Bd2 c3 72. Bxc3 Rc7 73. Rg5 Rxc3+ 74. Kb2 Rh3 75. Rxf5+ Ka4 76. Rf6 Rh2+ 77. Kb1 Ka3 78. Kc1 Rh1+ 79. Kc2 b3+ 80. Kc3 Rh3+ 81. Kd2 b2 82. Ra6+ Kb3 83. Rb6+ Ka2 84. Ra6+ Kb1 85. Ke2 Rh5 86. Rb6 Re5+ 87. Kf3 Kc2 88. Kf4 Rc5 89. h7 Rh5 90. Rc6+ Kd2 91. Rb6 Kc1 92. Rc6+ Kb1 93. Rc7 Ka2 94. Ra7+ Kb3 95. Rb7+ Kc3 96. Rc7+ Kd2 97. Rb7 Kc1 98. Rc7+ Kb1 99. Rb7 Ka2 100. Ra7+ Kb3 101. Kg4 Rh1 102. Kg5 b1=Q 103. Rb7+ Ka2 104. Rxb1 Kxb1 105. Kg6 Kc2 106. Kg7 Kd3 107. h8=Q Rxh8 108. Kxh8 1/2-1/2


[Site "https://www.chess.com"]

[Event "Titled Tuesday Blitz November 07 Early 2023"]
[White "Kononenko, Dmitry"]
[Black "BardArtem"]
[WhiteFideId "14113538"]
[WhiteElo "2599"]
[BlackElo "2803"]
[Result "1-0"]
[Round "6"]
[TimeControl "180+1"]
[Date "2023.11.07"]
[WhiteClock "0:01:21"]
[BlackClock "0:00:02"]
[Board "61"]

1. d4 d5 2. c4 e6 3. Nf3 Nf6 4. g3 dxc4 5. Qa4+ Nbd7 6. Bg2 a6 7. Qxc4 b5 8. Qc2 Bb7 9. a4 c5 10. axb5 axb5 11. Rxa8 Qxa8 12. O-O Be4 13. Qb3 Bxb1 14. Qxb5 Be4 15. Bg5 Be7 16. Bxf6 Bxf6 17. dxc5 Bc6 18. Qc4 O-O 19. b4 Rb8 20. Rb1 Ne5 21. Nxe5 Bxg2 22. Nd7 Rd8 23. Nxf6+ gxf6 24. Qg4+ Kh8 25. f3 Qa2 26. Re1 Qd2 27. Kf2 Rd5 28. Qf4 Qxf4 29. gxf4 Bh3 30. Kg3 Rh5 31. e4 Kg7 32. c6 Kf8 33. c7 e5 34. f5 1-0


[Site "https://www.chess.com"]

[Event "Titled Tuesday Blitz November 07 Early 2023"]
[White "Feuerstack, Aljoscha"]
[Black "Dragun, Kamil"]
[WhiteFideId "4681932"]
[BlackFideId "1134167"]
[WhiteElo "2597"]
[BlackElo "2799"]
[Result "0-1"]
[Round "6"]
[TimeControl "180+1"]
[Date "2023.11.07"]
[WhiteClock "0:00:09"]
[BlackClock "0:01:50"]
[Board "62"]

1. e4 e5 2. Bc4 Nc6 3. Nc3 Nf6 4. d3 Bc5 5. f4 d6 6. f5 Nd4 7. Na4 b5 8. Nxc5 bxc4 9. Na4 cxd3 10. cxd3 Nxe4 11. dxe4 Qh4+ 12. Kd2 Qf2+ 13. Ne2 Nxe2 14. Qxe2 Qd4+ 15. Qd3 Qxa4 16. b3 Qb4+ 17. Kd1 Bb7 18. Re1 O-O-O 19. Bd2 Qb6 20. Rc1 d5 21. Qg3 dxe4 22. Qxe5 Rhe8 0-1


[Site "https://www.chess.com"]

[Event "Titled Tuesday Blitz November 07 Early 2023"]
[White "Lewicki, Miroslaw"]
[Black "elprimo2012mortis"]
[WhiteFideId "1113380"]
[WhiteElo "2591"]
[BlackElo "2783"]
[Result "0-1"]
[Round "6"]
[TimeControl "180+1"]
[Date "2023.11.07"]
[WhiteClock "0:00:01"]
[BlackClock "0:00:10"]
[Board "63"]

1. g3 d5 2. Bg2 e5 3. d3 Nf6 4. Nf3 Nbd7 5. O-O Be7 6. e4 dxe4 7. dxe4 O-O 8. Qe2 c6 9. Rd1 Qc7 10. Nc3 b5 11. a3 a5 12. Nh4 Rd8 13. Nf5 Bf8 14. Bg5 h6 15. Be3 Ba6 16. Qf3 Nh7 17. h4 Nc5 18. Qg4 Ne6 19. Nxh6+ Kh8 20. Nf5 Bc8 21. Qf3 Rb8 22. Bf1 b4 23. axb4 axb4 24. Na4 c5 25. Bc4 Nd4 26. Bxd4 cxd4 27. b3 Be6 28. Nb2 Bxc4 29. Nxc4 g6 30. Ra6 gxf5 31. Qxf5 Bg7 32. Rda1 Qd7 33. Qh5 f6 34. Nd6 Rf8 35. Nf5 Rb7 36. R1a5 Qf7 37. Qg4 Rg8 38. Rc6 Bf8 39. Qf3 Rd7 40. Raa6 Qg6 41. h5 Qg5 42. Nh4 Qc1+ 43. Kg2 Qg5 44. Ng6+ Rxg6 45. hxg6 Qxg6 46. Ra8 Rf7 47. Qd3 Ng5 48. f3 Kg7 49. Rcc8 Qh6 50. Qf1 Qh3+ 51. Kf2 Qh2+ 52. Qg2 Qh6 53. Ke2 Ne6 54. Rc6 Qe3+ 55. Kd1 Ng5 56. Rcc8 Nxf3 57. g4 Qe1# 0-1


[Site "https://www.chess.com"]

[Event "Titled Tuesday Blitz November 07 Early 2023"]
[White "Shapiro, Viktor"]
[Black "Mekhitarian, Krikor Sevag"]
[WhiteFideId "4175700"]
[BlackFideId "2107660"]
[WhiteElo "2591"]
[BlackElo "2774"]
[Result "1-0"]
[Round "6"]
[TimeControl "180+1"]
[Date "2023.11.07"]
[WhiteClock "0:00:07"]
[BlackClock "0:00:00"]
[Board "64"]

1. c4 c5 2. Nc3 Nc6 3. g3 g6 4. Bg2 Bg7 5. Nf3 d6 6. d3 e5 7. O-O Nge7 8. a3 a5 9. Rb1 O-O 10. Ne1 Be6 11. Nc2 d5 12. b3 Rb8 13. e4 d4 14. Nd5 b5 15. b4 axb4 16. axb4 bxc4 17. dxc4 cxb4 18. Bg5 f6 19. Bd2 b3 20. Na1 b2 21. Nb3 Qd6 22. Rxb2 Rb7 23. Qc2 Rfb8 24. Rfb1 Bf7 25. Nc1 Rxb2 26. Rxb2 Qd8 27. Nd3 Nc8 28. Rxb8 Nxb8 29. f4 Nc6 30. Qa4 N6e7 31. fxe5 Nxd5 32. exd5 fxe5 33. Qa8 Bf6 34. c5 Kg7 35. d6 Qd7 36. Qb7 Qe6 37. Nb4 Qc4 38. Bd5 Qe2 39. Qxf7+ 1-0


[Site "https://www.chess.com"]

[Event "Titled Tuesday Blitz November 07 Early 2023"]
[White "Weetik, Vjacheslav"]
[Black "Soham Kamotra"]
[WhiteFideId "4153472"]
[BlackFideId "46647490"]
[WhiteElo "2774"]
[BlackElo "2574"]
[Result "1-0"]
[Round "6"]
[TimeControl "180+1"]
[Date "2023.11.07"]
[WhiteClock "0:01:38"]
[BlackClock "0:00:03"]
[Board "65"]

1. e4 c5 2. d4 cxd4 3. c3 d3 4. c4 Nc6 5. Bxd3 g6 6. Nc3 Bg7 7. Nge2 Nf6 8. O-O O-O 9. b3 d6 10. Bb2 b6 11. Qd2 Bb7 12. Rad1 e6 13. Bb1 Ne7 14. Ng3 h5 15. Qf4 Ng4 16. h3 Be5 17. Qd2 h4 18. Nge2 Nf6 19. f4 Bxc3 20. Qxc3 e5 21. fxe5 1-0


[Site "https://www.chess.com"]

[Event "Titled Tuesday Blitz November 07 Early 2023"]
[White "Hayrapetyan, Hovik"]
[Black "Sydoryka, Vladyslav"]
[WhiteFideId "13302639"]
[BlackFideId "14145928"]
[WhiteElo "2773"]
[BlackElo "2591"]
[Result "0-1"]
[Round "6"]
[TimeControl "180+1"]
[Date "2023.11.07"]
[WhiteClock "0:00:00"]
[BlackClock "0:00:50"]
[Board "66"]

1. d4 Nf6 2. c4 e6 3. Nc3 Bb4 4. Nf3 d5 5. e4 Nxe4 6. Qc2 O-O 7. Bd3 f5 8. O-O c6 9. a3 Bd6 10. Ne2 Nd7 11. Bf4 Ndf6 12. Bxd6 Qxd6 13. c5 Qe7 14. Ne5 Bd7 15. f3 Ng5 16. Nf4 Nf7 17. Rfe1 Rae8 18. b4 g5 19. Nh3 h6 20. a4 Nxe5 21. Rxe5 Qg7 22. Rae1 g4 23. fxg4 Nxg4 24. Nf4 Nxe5 25. dxe5 Kh7 26. b5 Rg8 27. Nh5 Qe7 28. Nf6+ Kh8 29. Qc1 Rg6 30. Nxe8 Bxe8 31. Re3 Qh4 32. Bf1 Qxa4 33. b6 axb6 34. cxb6 Qd4 35. Kh1 Qxb6 36. Rh3 Kh7 37. Qa3 Qc7 38. Qf8 Qf7 39. Qc5 Rg5 40. Be2 f4 41. Qd4 Qg7 42. Bd3+ Bg6 43. Qxf4 Bxd3 44. Rxd3 Rxg2 45. Qf1 Rg5 46. Rf3 Qxe5 47. Rf7+ Rg7 48. Rf4 Qe3 0-1


[Site "https://www.chess.com"]

[Event "Titled Tuesday Blitz November 07 Early 2023"]
[White "Predator0608"]
[Black "Saydaliev, Saidakbar"]
[BlackFideId "14203693"]
[WhiteElo "2565"]
[BlackElo "2770"]
[Result "1-0"]
[Round "6"]
[TimeControl "180+1"]
[Date "2023.11.07"]
[WhiteClock "0:00:20"]
[BlackClock "0:00:08"]
[Board "67"]

1. e4 e5 2. Nf3 Nc6 3. Bc4 Nf6 4. Ng5 d5 5. exd5 Na5 6. Bb5+ c6 7. dxc6 bxc6 8. Bd3 Nd5 9. Nf3 Bd6 10. O-O O-O 11. Re1 f5 12. Nxe5 Qf6 13. Nf3 g5 14. c4 Nf4 15. Bf1 g4 16. d4 gxf3 17. Qxf3 Ne6 18. Qc3 Nxd4 19. c5 Bc7 20. b4 Rb8 21. Bb2 Rxb4 22. Qxb4 Qh4 23. Bc4+ Nxc4 24. Qxc4+ Be6 25. Qxd4 Bxh2+ 26. Kh1 Bf4+ 27. Kg1 Bh2+ 28. Kf1 Bc4+ 29. Re2 Bxe2+ 30. Kxe2 Re8+ 31. Kf1 Qh6 32. Qc4+ Re6 33. g3 Bxg3 34. fxg3 Qh1+ 35. Kf2 Qe1+ 36. Kg2 Kf8 37. Nc3 Qd2+ 38. Kf1 Re3 39. Ne2 Qxb2 40. Rd1 Qf6 41. Kf2 Re4 42. Qd3 Qe5 43. Qd6+ Kf7 44. Qxe5 Rxe5 45. Rc1 Rd5 46. Nf4 Rd2+ 47. Ke3 Rxa2 48. Kd4 Kf6 49. Rc3 Ra4+ 50. Ke3 Ke5 51. Nd3+ Kd5 52. Nf4+ Ke5 53. Kf3 Re4 54. Ra3 Rc4 55. Rxa7 Rc3+ 56. Kg2 Rc2+ 57. Kh3 Ke4 58. Re7+ Kf3 59. Rxh7 Rxc5 60. Rf7 Rc1 61. Kh4 Rh1+ 62. Kg5 Kxg3 63. Rxf5 Rc1 64. Nh5+ Kh3 65. Rf3+ Kg2 66. Rg3+ Kf2 67. Kg4 Rc4+ 68. Nf4 c5 69. Rd3 Rd4 70. Rc3 c4 71. Kf5 Ke1 72. Ke5 Rd8 73. Ke4 Kd2 74. Rxc4 Re8+ 75. Kf5 Rf8+ 76. Ke5 Re8+ 77. Ne6 Kd3 78. Rd4+ Ke3 79. Ra4 Rc8 80. Ra3+ Ke2 81. Ke4 Re8 82. Ra2+ Kd1 83. Ke5 Ke1 84. Kd5 Kf1 85. Nf4 Rd8+ 86. Ke4 Rb8 87. Kf3 Rb3+ 88. Ke4 Rb4+ 89. Ke3 Rb3+ 90. Nd3 Rc3 91. Ra1+ Kg2 92. Ke4 Rc4+ 93. Ke3 Rc3 94. Ra2+ Kg3 95. Re2 Rc8 96. Ne5 Rc3+ 97. Kd4 Ra3 98. Ke4 Ra4+ 99. Kf5 Ra5 100. Kg5 Ra8 101. Re3+ Kf2 102. Rb3 Rf8 103. Ng4+ Kg2 104. Rb2+ Kg3 105. Nf6 Rf7 106. Rb3+ Kg2 107. Kf5 Rf8 108. Ke5 Rf7 109. Ne4 Rf3 110. Rb2+ Kg1 111. Kd4 Ra3 112. Ng5 Ra4+ 113. Ke3 Rg4 114. Nf3+ Kf1 115. Rf2# 1-0


[Site "https://www.chess.com"]

[Event "Titled Tuesday Blitz November 07 Early 2023"]
[White "Gontcharov, Vladislav"]
[Black "Sattarov, Bobir"]
[WhiteFideId "4123492"]
[BlackFideId "14203081"]
[WhiteElo "2573"]
[BlackElo "2767"]
[Result "0-1"]
[Round "6"]
[TimeControl "180+1"]
[Date "2023.11.07"]
[WhiteClock "0:00:00"]
[BlackClock "0:00:09"]
[Board "68"]

1. d4 Nf6 2. c4 c5 3. Nf3 g6 4. Nc3 Bg7 5. e4 O-O 6. Be2 d6 7. d5 e6 8. O-O exd5 9. cxd5 a6 10. a4 Re8 11. Nd2 Nbd7 12. a5 Rb8 13. Re1 Qc7 14. Bf1 b5 15. axb6 Rxb6 16. Nc4 Rb4 17. f3 Nb6 18. Na5 Bd7 19. Ra2 Nh5 20. Kh1 Qd8 21. Nc6 Qh4 22. g4 Bxc6 23. gxh5 Rd4 24. Bd2 Bb7 25. b3 Bh6 26. Qc1 Rxd2 27. Rxd2 Bf4 28. Qc2 Re5 29. hxg6 Qxe1 30. Rd1 Qh4 31. gxf7+ Kxf7 32. b4 c4 33. b5 a5 34. h3 Bc8 35. Bg2 Bxh3 0-1


[Site "https://www.chess.com"]

[Event "Titled Tuesday Blitz November 07 Early 2023"]
[White "Roebers, Eline"]
[Black "Pakleza, Zbigniew"]
[WhiteFideId "1058401"]
[BlackFideId "1119290"]
[WhiteElo "2561"]
[BlackElo "2762"]
[Result "1-0"]
[Round "6"]
[TimeControl "180+1"]
[Date "2023.11.07"]
[WhiteClock "0:00:03"]
[BlackClock "0:00:01"]
[Board "69"]

1. e4 d6 2. d4 Nf6 3. Nc3 c6 4. f4 Qb6 5. Nf3 Bg4 6. Be2 Bxf3 7. Bxf3 e5 8. Ne2 Nbd7 9. g3 Be7 10. c3 O-O 11. O-O Rfe8 12. Kh1 Bf8 13. Qd3 a5 14. g4 h6 15. g5 hxg5 16. fxg5 Nh7 17. Bg4 Re7 18. Qh3 Qc7 19. Ng3 g6 20. Nf5 Rae8 21. Nxe7+ Rxe7 22. Bd2 exd4 23. cxd4 Bg7 24. Bc3 Nxg5 25. Qh4 f6 26. Bf3 Nxf3 27. Rxf3 d5 28. e5 Re6 29. Qh3 f5 30. Bd2 c5 31. Bh6 cxd4 32. Bxg7 Kxg7 33. Rg1 Nxe5 34. Rxf5 Qc6 35. Rh5 d3 36. Rh7+ Kf8 37. Qh6+ Ke8 38. Qg7 d4+ 39. Rg2 Kd8 40. Qxb7 Qxb7 41. Rxb7 Nf3 42. Rf2 Re1+ 43. Kg2 d2 44. Rxf3 d1=Q 45. Rf8+ Re8 46. Rb8+ Kd7 47. Rbxe8 Qd2+ 48. Kg3 Qg5+ 49. Kf3 d3 50. Rd8+ Kc7 51. Rxd3 Qh5+ 52. Kg2 Qg4+ 53. Rg3 Qe2+ 54. Rf2 Qe4+ 55. Rgf3 g5 56. Kg3 Qh4+ 57. Kg2 Qe4 58. h3 a4 59. Kg3 Kb6 60. Rc3 Qe5+ 61. Kg2 Qe4+ 62. Rff3 Qe2+ 63. Rf2 Qe4+ 64. Kh2 Qe5+ 65. Rg3 Qd5 66. Rf6+ Ka7 67. Rf2 Qxa2 68. Rxg5 Kb6 69. Rf6+ Kc7 70. Rg7+ Qf7 71. Rfxf7+ 1-0


[Site "https://www.chess.com"]

[Event "Titled Tuesday Blitz November 07 Early 2023"]
[White "Mindlin, Alon"]
[Black "Hirneise, Jens"]
[WhiteFideId "2800071"]
[BlackFideId "24614734"]
[WhiteElo "2747"]
[BlackElo "2545"]
[Result "1-0"]
[Round "6"]
[TimeControl "180+1"]
[Date "2023.11.07"]
[WhiteClock "0:01:48"]
[BlackClock "0:01:23"]
[Board "70"]

1. d4 e6 2. c4 Bb4+ 3. Nc3 f5 4. Nf3 Nf6 5. g3 O-O 6. Bg2 Ne4 7. Qc2 d6 8. O-O Bxc3 9. bxc3 Nd7 10. Rb1 Nb6 11. c5 dxc5 12. dxc5 Nxc5 13. Ba3 Nbd7 14. Rfd1 Qf6 15. Nd4 c6 16. Nb3 Qe7 17. Rxd7 Qxd7 18. Nxc5 Qf7 19. Nd3 Rd8 20. Ne5 Qc7 21. f4 Bd7 22. Qb3 Rab8 23. Rd1 Bc8 24. Rxd8+ Qxd8 25. Nxc6 bxc6 26. Qxb8 1-0


[Site "https://www.chess.com"]

[Event "Titled Tuesday Blitz November 07 Early 2023"]
[White "Danielyan, Vahe"]
[Black "Gavrilov, Maxim"]
[WhiteFideId "13304828"]
[BlackFideId "24271454"]
[WhiteElo "2722"]
[BlackElo "2555"]
[Result "0-1"]
[Round "6"]
[TimeControl "180+1"]
[Date "2023.11.07"]
[WhiteClock "0:00:40"]
[BlackClock "0:01:10"]
[Board "71"]

1. e4 c5 2. Nc3 d6 3. d4 cxd4 4. Qxd4 Nc6 5. Qd2 g6 6. b3 Bh6 7. f4 e5 8. Nd5 Nf6 9. Bb2 Nxd5 10. Qxd5 Bxf4 11. Bb5 O-O 12. Ne2 Be3 13. Qd3 Nb4 14. Qc3 a5 15. a3 Qh4+ 16. Ng3 Bd4 17. Qxd4 Nxc2+ 18. Kd2 Nxd4 19. Bxd4 exd4 20. Rhf1 Be6 21. Rf2 Qg5+ 22. Kd1 Qxb5 0-1


[Site "https://www.chess.com"]